 Dungeon Crawl Stone Soup version 0.20-a0-9-g62d82d9 (webtiles) character file.

706 JeffiDaFish the Cutter (level 7, -4/44 HPs)
             Began as a Gargoyle Fighter on Nov 2, 2016.
             Slain by an ogre
             ... wielding a +0 giant spiked club
              (10 damage)
             ... on level 5 of the Dungeon.
             The game lasted 00:11:18 (3718 turns).

JeffiDaFish the Cutter (Gargoyle Fighter)           Turns: 3718, Time: 00:11:18

Health: -4/44      AC: 20    Str: 21    XL:     7   Next: 67%
Magic:  7/7        EV:  9    Int:  9    God:
Gold:   250        SH: 10    Dex:  9    Spells: 0 memorised, 6 levels left

rFire  + . .     SeeInvis .     a - +1 rapier
rCold  x . .     Gourm    .     n - +0 plate armour
rNeg   + . .     Faith    .     c - +0 shield
rPois  ∞         Spirit   .     (no helmet)
rElec  +         Reflect  .     o - +2 cloak
rCorr  .         Harm     .     (no gloves)
MR     .....                    (no boots)
Stlth  ..........               (no amulet)
                                j - +5 ring of evasion
                                m - ring of fire

@: no status effects
A: negative energy resistance 1, electricity resistance, unbreathing,
petrification resistance, rot immunity, AC +4
a: no special abilities


You were on level 5 of the Dungeon.
You were not hungry.

You visited 2 branches of the dungeon, and saw 6 of its levels.

You collected 250 gold pieces.

Inventory:

Hand Weapons
 a - a +1 rapier (weapon)
Armour
 c - a +0 shield (worn)
 n - a +0 plate armour (worn)
 o - a +2 cloak (worn)
Jewellery
 g - an uncursed ring of ice
 j - a +5 ring of evasion (right hand)
 m - a ring of fire (left hand)
Wands
 b - a wand of digging (9/24)
Scrolls
 d - 3 scrolls of remove curse
 e - 8 scrolls of identify
 l - a scroll of recharging
 r - a scroll of amnesia
 s - a scroll of blinking {unknown}
Potions
 i - a potion of curing
 q - a potion of resistance
Comestibles
 f - 3 bread rations
 k - a slice of pizza
 p - 2 beef jerkies


   Skills:
 + Level 4.3 Fighting
 + Level 5.3 Short Blades
 + Level 4.7 Armour
 + Level 1.4 Dodging
 + Level 0.2 Stealth
 + Level 5.2 Shields


You had 6 spell levels left.
You didn't know any spells.

Dungeon Overview and Level Annotations

Branches:
Dungeon (5/15)             Temple (1/1) D:4

Altars:
Ashenzari
Cheibriados
Dithmenos
Elyvilon
Fedhas
Gozag
Hepliaklqana
Kikubaaqudgha
Makhleb
Nemelex Xobeh
Okawaru
Qazlal
Ru
Sif Muna
Trog
Uskayaw
Vehumet
Xom
Yredelemnul
Zin
The Shining One


Innate Abilities, Weirdness & Mutations

You are resistant to torment.
Your stone body is resilient. (AC +4)
You are immune to poison.
You resist negative energy. (rN+)
You are resistant to electric shocks. (rElec)
You can survive without breathing.
You are immune to petrification.
You are immune to rotting.


Message History

The crimson imp hits you but does no damage.
You are too injured to fight recklessly!
Your shield and plate armour prevent you from hitting the ogre.
The ogre is moderately wounded.
The ogre hits you but does no damage.
The crimson imp blinks!
You puncture the ogre!
The ogre is heavily wounded.
You closely miss the ogre.
The ogre is heavily wounded.
The ogre hits you with a giant spiked club.
* * * LOW HITPOINT WARNING * * *
You hit the ogre.
The ogre is severely wounded.
The ogre hits you but does no damage.
The crimson imp hits you but does no damage.
Your shield and plate armour prevent you from hitting the ogre.
The ogre is severely wounded.
You block the crimson imp's attack.
The ogre hits you with a giant spiked club!
You die...

..# .. ##+# ..
##>(<## .# ##.....##
.## ##.......#####<.#
#....(..........#####
+...........5@O......
#..........###.......
#.......#.# ......#
##.....##.# ..##.##
##...###.# ..# #
##'## #.. ... #.# ###
.### ###### #.# .#
.....###.##


You could see an ogre and a crimson imp.

Vanquished Creatures
  Grinder (D:3)
  Menkaure (D:4)
  A bullfrog skeleton (D:4)
  Crazy Yiuf (D:3)
  Jessica (D:2)
  Natasha (D:4)
  3 worker ants
  A hound skeleton (D:4)
  9 adders
  2 river rats (D:4)
  2 worms
  2 dart slugs
  7 leopard geckos
  An orc (D:4)
  6 giant cockroaches
  6 hobgoblins
  3 jackals
  4 kobolds
  3 quokkas
  A ball python (D:3)
  2 bats
  3 frilled lizards
  10 goblins
  11 rats
82 creatures vanquished.

Notes
Turn   | Place    | Note
-------+----------+-------------------------------------------
     0 | D:1      | JeffiDaFish the Gargoyle Fighter began the quest for the Orb.
     0 | D:1      | Reached XP level 1. HP: 14/14 MP: 1/1
   142 | D:1      | Reached XP level 2. HP: 19/19 MP: 2/2
   450 | D:1      | Reached XP level 3. HP: 24/24 MP: 3/3
   737 | D:2      | Found a glowing silver altar of Zin.
   922 | D:2      | Reached XP level 4. HP: 26/29 MP: 4/4
  1038 | D:2      | Found a glowing silver altar of Zin.
  1105 | D:2      | Found a glowing golden altar of the Shining One.
  1147 | D:2      | Noticed Jessica
  1160 | D:2      | Killed Jessica
  1565 | D:3      | Reached XP level 5. HP: 32/33 MP: 5/5
  1674 | D:3      | Noticed Grinder
  1677 | D:3      | Paralysed by Grinder for 3 turns
  1692 | D:3      | Killed Grinder
  1692 | D:3      | Reached skill level 1 in Dodging
  1692 | D:3      | Reached XP level 6. HP: 2/38 MP: 6/6
  2258 | D:3      | Found a runed door.
  2262 | D:3      | Noticed Crazy Yiuf
  2273 | D:3      | Killed Crazy Yiuf
  2444 | D:4      | Found a burning altar of Makhleb.
  2444 | D:4      | Found a hazy altar of Hepliaklqana.
  2489 | D:4      | Reached XP level 7. HP: 40/44 MP: 7/7
  2563 | D:4      | Noticed Natasha
  2572 | D:4      | Killed Natasha
  2668 | D:4      | Noticed Menkaure
  2678 | D:4      | Killed Menkaure
  2678 | D:4      | Reached skill level 5 in Short Blades
  2678 | D:4      | Reached skill level 5 in Shields
  3362 | D:4      | Found a staircase to the Ecumenical Temple.
  3427 | Temple   | Entered the Ecumenical Temple
  3669 | D:5      | Entered Level 5 of the Dungeon
  3718 | D:5      | Slain by an ogre

Vault maps used:
D:1:      minmay_arrival_loop
D:2:      kennysheep_six_static_rooms, zin_academy, kennysheep_flooded_box,
          tso_altar, uniq_jessica
D:3:      uniq_grinder, uniq_crazy_yiuf_cottage
D:4:      grunt_temple_overflow_open, first_bread, gup_sewer_entry_bubbles,
          uniq_natasha, uniq_menkaure
D:5:      serial_bayou, serial_bayou_shore_a, serial_bayou_crossing,
          serial_bayou_pond_b, serial_bayou_shore_b, kennysheep_generic_room_6
Temple:   regret_index_temple_mists

Skill      XL: |  1  2  3  4  5  6  7 |
---------------+----------------------+-----
Short Blades   | 2 3 4 5 |  5.3
Fighting       | 4 |  4.3
Armour         | 4 |  4.7
Shields        | 4 5 |  5.2
Dodging        | 1 |  1.4
Stealth        | |  0.2

Action                   |  1- 3 |  4- 6 |  7- 9 || total
-------------------------+-------+-------+-------++-------
Melee: Rapier            |   104 |   156 |   127 ||   387
  Use: Scroll            |     4 |     3 |     1 ||     8
       Potion            |     4 |     2 |       ||     6
  Eat: Chunk             |       |     5 |     5 ||    10
Armor: Scale mail        |    50 |    69 |       ||   119
       Plate armour      |       |     7 |    47 ||    54
Dodge: Dodged            |    44 |    79 |    31 ||   154
Block: Shield            |    53 |    74 |    46 ||   173
